 Dungeon Crawl Stone Soup version 0.30.0-29-ga12c61a403 (webtiles) character file.

Game seed: 8136171743753993401

53 DildoBatman the Conjurer (level 4, 0/32 HPs)
             Began as a Formicid Conjurer on June 8, 2023.
             Constricted to death by a ball python (1 damage)
             ... on level 2 of the Dungeon.
             The game lasted 00:02:38 (1097 turns).

DildoBatman the Conjurer (Formicid Conjurer)        Turns: 1097, Time: 00:02:39

Health: 0/32       AC:  2    Str: 12    XL:     4   Next: 10%
Magic:  6/7        EV:  9    Int: 19    God:
Gold:   53         SH:  0    Dex: 12    Spells: 5/8 levels left

rFire   . . .        a - +0 sling
rCold   . . .        (no shield)
rNeg    . . .        i - +0 robe
rPois   .            (helmet unavailable)
rElec   .            (no cloak)
rCorr   .            (no gloves)
SInv    +            (no boots)
Will    .....        f - amulet of faith
Stlth   ++           (no ring)
HPRegen 0.25/turn    (no ring)
MPRegen 0.10/turn

%: faith
@: constricted
A: permanent stasis, dig shafts and tunnels, antennae 3, four strong arms
a: Dig, Shaft Self


You were on level 2 of the Dungeon.
You visited 1 branch of the dungeon, and saw 2 of its levels.

You collected 53 gold pieces.

Inventory:

Hand Weapons
 a - a +0 sling (weapon)
 e - a +0 whip
 o - a +0 dagger
Missiles
 g - 5 poisoned darts
Armour
 i - a +0 robe (worn)
Jewellery
 f - an amulet of faith (around neck)
Scrolls
 c - 2 scrolls of teleportation {unknown}
 h - a scroll of amnesia {unknown}
 n - a scroll of vulnerability {unknown}
 p - a scroll of silence {unknown}
Potions
 b - a potion of magic
 d - a potion of degeneration {unknown}
 j - 3 potions of curing {unknown}
 k - a potion of cancellation {unknown}
 l - a potion of ambrosia {unknown}
 m - a potion of mutation {unknown}


   Skills:
 * Level 1.3 Fighting
 * Level 1.1 Armour
 * Level 2.2 Dodging
 - Level 3.0 Stealth
 * Level 2.5 Spellcasting
 * Level 3.9 Conjurations


You had 5 spell levels left.
You knew the following spells:

 Your Spells              Type           Power      Damage    Failure   Level
a - Searing Ray           Conj           34%        2d5       4%          2
c - Magic Dart            Conj           68%        1d6       3%          1

Your spell library contained the following spells:

 Spells                   Type           Power      Damage    Failure   Level
 Dazzling Flash           Conj/Hex       18%        N/A       22%         3
 Cigotuvi's Dreadful Rot  Necr/Pois/Air  4%         N/A       24%         2
 Ignite Poison            Fire/Tmut/Pois 2%         N/A       43%         3
 Fulminant Prism          Conj/Hex       4%         3d5       56%         4
 Iskenderun's Mystic Bla  Conj/Tloc      9%         2d4       56%         4
 Freezing Cloud           Conj/Ice/Air   3%         6-21      95%         5


Dungeon Overview and Level Annotations

Branches:
Dungeon (2/15)

Altars:


Innate Abilities, Weirdness & Mutations

You cannot be hasted, slowed, berserked, paralysed or teleported.
You can dig through walls and to a lower floor.
You have a pair of large antennae on your head. (SInv)
Your four strong arms can wield two-handed weapons with a shield.


Message History

You shout for attention!
The ball python bites you. The ball python constricts you.
What are your orders? t - Shout!
Orders for allies: a - Attack new target. r - Retreat! s - Stop attacking. g - Guard the area. f - Follow me.
Anything else - Cancel.
You shout for attention!
The ball python bites you but does no damage.
The ball python constricts you. What are your orders? t - Shout!
Orders for allies: a - Attack new target. r - Retreat! s - Stop attacking. g - Guard the area. f - Follow me.
Anything else - Cancel.
You shout for attention!
The ball python bites you. The ball python constricts you.
What are your orders? t - Shout!
Orders for allies: a - Attack new target. r - Retreat! s - Stop attacking. g - Guard the area. f - Follow me.
Anything else - Cancel.
You shout for attention!
The ball python bites you but does no damage.
The ball python constricts you. What are your orders? t - Shout!
Orders for allies: a - Attack new target. r - Retreat! s - Stop attacking. g - Guard the area. f - Follow me.
Anything else - Cancel.
You shout for attention!
The ball python bites you. The ball python constricts you.
You die...

#.##.##.# #.. #..#
#....##.###)# ....###
#######.##..# #...#.
###'##.## #....
#####......# ##._.##
##..........# ##
#.....###...........#
#.#
#...#..........[.#
#...
#@S.............#
#..#
##..#...........#
..###..###..........#
#†#....#...........#
#..................#
#..................#
#..................
#.................
#............


You could see a ball python.

Vanquished Creatures
  2 adders (D:2)
  An orc (D:2)
  7 ball pythons
  4 endoplasms
  A giant cockroach (D:2)
  4 goblins
  2 hobgoblins
  A quokka (D:2)
  2 bats (D:1)
  2 frilled lizards
  5 kobolds
  2 rats (D:1)
33 creatures vanquished.

Notes
Turn   | Place    | Note
-------+----------+-------------------------------------------
     0 | D:1      | DildoBatman the Formicid Conjurer began the quest for the
                  | Orb.
     0 | D:1      | Reached XP level 1. HP: 13/13 MP: 3/3
   170 | D:1      | Reached XP level 2. HP: 20/20 MP: 1/5
   173 | D:1      | Learned a level 2 spell: Searing Ray
   644 | D:2      | Reached skill level 1 in Fighting
   644 | D:2      | Reached XP level 3. HP: 26/26 MP: 4/6
  1010 | D:2      | Reached skill level 1 in Armour
  1032 | D:2      | Found a faded altar of an unknown god.
  1060 | D:2      | Reached XP level 4. HP: 32/32 MP: 2/7
  1097 | D:2      | HP: 1/32 [ball python (3)]
  1097 | D:2      | Constricted to death by a ball python

Illustrated notes

Levels and vault maps discovered:
D:1:      eino_arrival_tree_alley, layout_rooms, grunt_decor_arrowhead
D:2:      layout_basic, nicolae_ecumenical_snake_handling,
          amcnicky_mini_corridor_feature, chequers_serial_rivers_small_3

Skill      XL: |  1  2  3 |
---------------+----------+-----
Dodging        | 2 |  2.2
Fighting       | 1 |  1.3
Armour         | 1 |  1.1
Stealth        | 3 |  3.0
Spellcasting   | |  2.5
Conjurations   | |  3.9

Action                     |  1- 3 |  4- 6 || total
---------------------------+-------+-------++-------
  Melee: Dagger            |     4 |       ||     4
   Fire: Sling             |    14 |       ||    14
   Cast: Magic Dart        |    21 |       ||    21
         Searing Ray       |     8 |       ||     8
   Stab: Sleeping          |     2 |       ||     2
 Armour: Robe              |     3 |     6 ||     9
  Dodge: Dodged            |     8 |    15 ||    23
